Map: Orbital Shipyard

Players

GerOO

  • Race: Protoss Protoss
  • League: Bronze

Dhal - Winner!

  • Race: Zerg Zerg
  • League: Bronze

VOD

Have the link to the VOD?

Description

Time

  • Played on: Aug. 27, 2015, 7:19 a.m.
  • Length: 7:44
Show
View Real Time Build Order
Export as new Build Order

GerOO Protoss 

Build Orders: Forge Fast Expand (FFE) 

Get SALT Encoding   

  12  0:01  Probe  
  13  0:13  Probe  
  14  0:21  Pylon  
  14  0:25  Probe  
  15  0:39  Probe  
  15  0:40  Forge  
  16  0:51  Probe  
  17  1:12  Pylon  
  17  1:19  Nexus  
  17  1:35  Probe  
  18  1:41  Photon Cannon  
  18  1:44  Photon Cannon  
  18  1:50  Probe  
  19  2:02  Probe  
  20  2:10  Assimilator  
  20  2:11  Gateway  
  20  2:14  Probe  
  21  2:17  Pylon  
  21  2:26  Probe  
  21  2:27  Photon Cannon  
  21  2:28  Photon Cannon  
  22  2:33  Pylon  
  22  2:40  Assimilator  
  22  2:42  Probe  
  23  2:54  Probe  
  23  2:58  Photon Cannon  
  24  3:02  Cybernetics Core  
  24  3:07  Probe  
  24  3:08  Probe  
  24  3:12  Zealot  
  28  3:17  Pylon  
  28  3:20  Probe  
  28  3:23  Probe  
  28  3:26  Warp Gate  
  30  3:31  Protoss Ground Weapons Level 1  
  30  3:32  Probe  
  31  3:35  Probe  
  32  3:44  Probe  
  32  3:48  Probe  
  34  3:54  Assimilator  
  34  3:56  Probe  
  34  4:00  Mothership Core  
  37  4:05  Gateway  
  37  4:07  Gateway  
  37  4:18  Sentry  
  39  4:25  Probe x2  
  41  4:37  Probe x2  
  43  4:39  Robotics Facility  
  43  5:01  Probe x2  
  43  5:04  Gateway  
  45  5:07  Gateway  
  45  5:22  Nexus  
  44  5:34  Probe x2  
  46  5:36  Assimilator  
  46  5:41  Zealot  
  46  5:42  Zealot  
  50  5:51  Nexus  
  50  5:56  Pylon  
  50  5:59  Pylon  
  50  6:03  Pylon  
  50  6:06  Sentry x2  
  54  6:16  Robotics Facility  
  54  6:21  Gateway  
  54  6:22  Gateway  
  54  6:29  Probe x2, Gateway  
  56  6:34  Photon Cannon  
  56  6:36  Photon Cannon  
  56  6:41  Probe x2  
  58  6:48  Robotics Facility  
  56  6:54  Sentry x2  
  60  7:02  Gateway, Photon Cannon  
  60  7:04  Immortal  
  60  7:06  Probe x3  
  67  7:20  Robotics Bay  
  67  7:21  Probe x2  
  67  7:22  Probe  
Show
View Real Time Build Order
Export as new Build Order

Dhal Zerg - Winner!

Build Orders: Hatch First 

Get SALT Encoding   

  12  0:01  Drone  
  13  0:08  Drone  
  14  0:17  Overlord  
  14  0:29  Extractor  
  14  0:31  Drone, Extractor  
  14  0:37  Drone  
  16  0:53  Drone  
  16  0:55  Hatchery  
  16  1:02  Drone, Extractor  
  16  1:13  Spawning Pool  
  16  1:16  Drone  
  16  1:20  Drone  
  17  1:27  Drone  
  18  1:41  Drone  
  19  1:57  Drone  
  20  2:12  Hatchery  
  20  2:15  Queen  
  21  2:21  Metabolic Boost  
  21  2:49  Zergling x6  
  21  2:50  Zergling x2  
  25  2:53  Queen  
  27  3:00  Drone  
  27  3:02  Overlord  
  28  3:19  Overlord  
  28  3:24  Queen  
  28  3:25  Drone  
  28  3:26  Drone  
  32  3:31  Drone x2  
  34  3:36  Drone x2  
  35  3:48  Drone x3  
  35  3:49  Drone  
  39  3:56  Extractor  
  39  3:57  Lair  
  38  4:04  Drone x2  
  38  4:05  Drone  
  41  4:16  Drone x3  
  41  4:17  Drone x2  
  46  4:23  Overlord  
  46  4:24  Overlord  
  46  4:31  Queen  
  48  4:37  Extractor  
  47  4:39  Drone x2, Extractor  
  48  5:01  Spire  
  48  5:04  Drone x6  
  48  5:05  Drone x4  
  57  5:08  Extractor  
  57  5:09  Drone  
  57  5:11  Overlord, Extractor  
  57  5:14  Drone  
  57  5:18  Overlord  
  57  5:23  Overseer  
  57  5:43  Drone x2  
  57  5:46  Drone  
  57  5:47  Drone x6  
  57  5:48  Overlord x2  
  57  5:49  Overlord  
  66  6:22  Mutalisk  
  66  6:23  Mutalisk x6  
  80  6:39  Mutalisk x4  
  82  6:40  Mutalisk  
  82  6:43  Hatchery  
  86  6:58  Drone  
  86  6:59  Drone x8  
  95  7:05  Hatchery  
  94  7:10  Overlord x2, Spire  
  93  7:27  Drone x2  
  96  7:30  Drone x7  
Tags
 
Add a new tag
Caveats
  • Supply blocks, unpowered buildings, or Contaminate may cause inaccurate times.
  • Supply counts are checked every 10 seconds.